 Dungeon Crawl Stone Soup version 0.31-a0-331-geda263fcf1 (webtiles) character file.

Game seed: 5693125861917278974

2718 mopl the Insei (level 9, -9/61 HPs)
             Began as an Octopode Shapeshifter on July 19, 2023.
             Was a Follower of Uskayaw.
             Mangled by Amaemon
             ... wielding a +0 demon whip of venom
              (12 damage)
             ... on level 8 of the Dungeon.
             The game lasted 00:08:35 (6102 turns).

mopl the Insei (Octopode Shapeshifter)              Turns: 6102, Time: 00:08:35

Health: -9/61      AC:  1    Str: 15    XL:     9   Next: 66%
Magic:  0/12       EV: 14    Int: 10    God:    Uskayaw [*.....]
Gold:   382        SH:  9    Dex: 20    Spells: 3/8 levels left

rFire   + . .        q - +5 whip of Excruciating Pain {freeze, rPois}
rCold   + . .        v - +0 kite shield
rNeg    + . .        (helmet currently unavailable)
rPois   +            g - amulet of the Good {Spirit rN+ Dex+4 Stlth-}
rElec   .            A - ring of protection from fire
rCorr   .            (no ring)
SInv    .            (no ring)
Will    .....        (no ring)
Stlth   ++           (no ring)
HPRegen 0.30/turn    (no ring)
MPRegen 0.13/turn    (no ring)
                     (no ring)

%: random rage (3%), guardian spirit
@: beast-form
A: beast (slay +4), almost no armour, amphibious, 8 rings, camouflage 1,
gelatinous body 1, (nimble swimmer 1), tentacles, berserk 1, cold resistance 1
a: Begin Untransformation, Renounce Religion, Stomp


You were on level 8 of the Dungeon.
You worshipped Uskayaw.
Uskayaw was noncommittal.
You were a hulking beast.
You visited 1 branch of the dungeon, and saw 8 of its levels.
You also visited: Ossuary.

You collected 382 gold pieces.

Inventory:

Hand Weapons
 q - the +5 whip of Excruciating Pain (weapon) {freeze, rPois}
   (You found it on level 4 of the Dungeon)

   rPois:     It protects you from poison.
Missiles
 k - 23 poisoned darts (quivered)
Armour
 v - a +0 kite shield (worn)
Jewellery
 g - the amulet of the Good (around mantle) {Spirit rN+ Dex+4 Stlth-}
   (You found it on level 3 of the Dungeon)

   [amulet of guardian spirit]

   It causes incoming damage to be divided between your reserves of health and
   magic.
   Dex:       It affects your dexterity (+4).
   rN:        It protects you from negative energy.
   Stlth:     It makes you less stealthy.
 A - a ring of protection from fire (left tentacle)
Talismans
 b - a beast talisman
 s - a blade talisman
Wands
 D - a wand of flame (7)
 E - a wand of paralysis (7)
Scrolls
 e - 3 scrolls of enchant weapon
 h - a scroll of noise {unknown}
 l - 3 scrolls of teleportation {unknown}
 m - a scroll of butterflies {unknown}
 n - 3 scrolls of revelation {unknown}
 u - a scroll of enchant armour {unknown}
 y - a scroll of vulnerability {unknown}
 B - a scroll of amnesia {unknown}
 C - 2 scrolls of blinking {unknown}
 F - a scroll of fear {unknown}
Potions
 a - 2 potions of lignification {!q}
 c - a potion of resistance
 d - 3 potions of attraction
 f - 2 potions of curing
 i - 2 potions of brilliance
 j - a potion of cancellation
 o - 2 potions of enlightenment
 p - 2 potions of might {unknown}
 r - a potion of berserk rage {!q}
 t - 2 potions of degeneration {unknown}
 w - 2 potions of mutation {!q}
 x - 4 potions of ambrosia
 z - a potion of haste {unknown}
 G - a potion of heal wounds {unknown}
 I - a potion of magic


   Skills:
 + Level 5.3 Fighting
 + Level 5.4 Dodging
 * Level 7.2 Unarmed Combat
 + Level 4.3 Invocations
 * Level 6.6 Shapeshifting


You had 3 spell levels left.
You knew the following spells:

 Your Spells              Type           Power      Damage    Failure   Level
e - Blink                 Tloc           0%         N/A       91%         2
n - Swiftness             Air            0%         N/A       99%         3

Your spell library contained the following spells:

 Spells                   Type           Power      Damage    Failure   Level
 Magic Dart               Conj           0%         1d3       80%         1
 Shock                    Conj/Air       0%         1d3       80%         1
 Airstrike                Air            0%         2d(0-16)  100%        4
 Animate Dead             Necr           0%         N/A       100%        4
 Manifold Assault         Tloc           0%         N/A       100%        4
 Haunt                    Necr/Summ      0%         N/A       100%        7
 Infestation              Necr           0%         N/A       100%        8


Dungeon Overview and Level Annotations

Branches:
Dungeon (8/15)             Temple (0/1) D:4         Ossuary (visited)
   Lair: D:8-11

Altars:
Cheibriados
Gozag
Kikubaaqudgha
Sif Muna
Uskayaw
Vehumet
Xom
Yredelemnul

Shops:
D:7 (

Annotations:
D:5 3 runed translucent doors, Nonseq's ghost, novice OpSh
D:8 Amaemon; Psyche


Innate Abilities, Weirdness & Mutations

You are a hulking beast.
Your limbs bulge with bestial killing power. (Slay +4)
You cannot wear most types of armour.
You are amphibious.
You can wear up to eight rings at the same time.
Your skin changes colour to match your surroundings (Stealth+).
Your rubbery body absorbs attacks. (AC +1, EV +1)
((You are camouflaged when in or above water. (Stealth+)))
You have tentacles for arms and can constrict up to eight enemies at once.
You sometimes lose your temper in combat.
Your flesh is cold resistant. (rC+)


Message History

You feel very sick.
Unknown command.
You feel better.
Amaemon laughs at nothing.
You whack the orange demon! You freeze the orange demon.
You grab the orange demon.
The orange demon is moderately wounded.
You constrict the orange demon.
Amaemon seems less confused.
The orange demon seems less confused.
The orange demon stings you!
* * * LOW HITPOINT WARNING * * *
The orange demon hits you.
* * * LOW HITPOINT WARNING * * *
Okay, then.
You release your grip on the orange demon.
The orange demon attacks as you move away!
The orange demon barely misses you. x2
Amaemon gestures wildly while chanting.
The orange demon stings you from afar!
* * * LOW HITPOINT WARNING * * *
You are lethally poisoned!
The orange demon poisons you!
You feel better. You block the orange demon's attack.
Aiming: Paralyse
Press: ? - help, Shift-Dir - straight line, f - Amaemon
Aim: Amaemon, wielding a +0 demon whip of venom (moderately wounded, chance to affect: 17%) Amaemon resists with almost no effort.
Amaemon hits you with a +0 demon whip of venom.
* * * LOW HITPOINT WARNING * * *
You block Amaemon's attack. x2; The orange demon barely misses you.
Amaemon attacks as you move away! Amaemon closely misses you.
You block Amaemon's attack. Amaemon misses you.
As you read the scroll labelled INADEWA BEDIEFAYP, it crumbles to dust.
It is a scroll of enchant weapon.
You aren't carrying any weapons that can be enchanted.
Amaemon barely misses you. x2; Amaemon tail-slaps you.
* * * LOW HITPOINT WARNING * * *
It was a potion of mutation.
You feel extremely strange.
You feel a little pissed off.
You feel resistant to cold.
Amaemon hits you with a +0 demon whip of venom!
You die...

#.....## #.### .
#......###.?..# ..
#.<...#.#.#.#.#...
#...>..#.#........
###.###...s......#
#.# ##.#4s......
#.# #.#s####.##
#.# #.#6# # #.#
#.#h# #†# #....#
#.# #..... #.#
#....## #.# ####.#
#.# #.# #.#### #.#
#....# #.# ####.#


You could see Amaemon, an orange demon and 3 scorpions.

Vanquished Creatures
  Joseph (D:8)
  A hornet (D:6)
  Sigmund (D:3)
  A wraith (Ossuary)
  A water moccasin (D:6)
  A sky beast (D:6)
  2 ogres (D:6)
  A centaur (D:7)
  A phantom (D:7)
  A kobold brigand (D:7)
  4 scorpions
  7 killer bees
  2 howler monkeys (D:7)
  4 hounds
  A jelly (D:5)
  3 orc priests
  Crazy Yiuf (D:6)
  10 orc wizards
  2 mummies
  4 adders
  2 shadow imps
  2 ufetubi
  3 dart slugs
  8 orcs
  6 endoplasms
  3 giant cockroaches (D:1)
  6 goblins
  7 hobgoblins
  6 jackals (D:1)
  A quokka (D:3)
  7 ball pythons
  6 bats
  8 gnoll skeletons (Ossuary)
  9 kobolds
  3 kobold skeletons (Ossuary)
  14 orc skeletons (Ossuary)
  10 rats
150 creatures vanquished.

Notes
Turn   | Place    | Note
-------+----------+-------------------------------------------
     0 | D:1      | mopl the Octopode Shapeshifter began the quest for the Orb.
     0 | D:1      | Reached XP level 1. HP: 14/14 MP: 1/1
    76 | D:1      | Reached XP level 2. HP: 18/19 MP: 2/2
   344 | D:1      | Reached XP level 3. HP: 24/24 MP: 3/3
  1322 | D:3      | Identified the amulet of the Good {Spirit rN+ Dex+4 Stlth-}
  1483 | D:3      | Reached skill level 3 in Unarmed Combat
  1483 | D:3      | Reached XP level 4. HP: 30/30 MP: 4/4
  1556 | D:3      | Reached XP level 5. HP: 35/35 MP: 5/5
  1664 | D:3      | Noticed Sigmund
  1672 | D:3      | Killed Sigmund
  1673 | D:3      | Reached skill level 3 in Fighting
  1673 | D:3      | Reached skill level 3 in Dodging
  1673 | D:3      | Reached skill level 4 in Shapeshifting
  1673 | D:3      | Reached XP level 6. HP: 34/42 MP: 4/6
  1689 | D:3      | Reached skill level 4 in Unarmed Combat
  1833 | D:3      | Found a faded altar of an unknown god.
  1840 | D:3      | Found an opulent altar of Gozag.
  1846 | D:3      | Prayed at the altar of an unknown god.
  1846 | D:3      | Became a worshipper of Uskayaw the Reveller
  1846 | D:3      | Reached * piety under Uskayaw
  2241 | D:4      | Identified the +5 whip of Excruciating Pain {freeze, rPois}
  2543 | D:4      | Found a staircase to the Ecumenical Temple.
  2939 | D:5      | Entered Level 5 of the Dungeon
  3036 | D:5      | Reached ** piety under Uskayaw
  3140 | D:5      | Found a runed translucent gate.
  3141 | D:5      | Found a runed translucent gate.
  3151 | D:5      | Found a runed translucent gate.
  3152 | D:5      | Noticed a black bear
  3154 | D:5      | Noticed Nonseq's ghost (novice OpSh)
  3154 | D:5      | Noticed a water moccasin
  3158 | D:5      | Found a basalt altar of Yredelemnul.
  3278 | D:5      | Reached *** piety under Uskayaw
  3280 | D:5      | Reached XP level 7. HP: 39/46 MP: 4/7
  3280 | D:5      | Reached **** piety under Uskayaw
  3282 | D:5      | Reached skill level 1 in Invocations
  3283 | D:5      | Reached ***** piety under Uskayaw
  3674 | D:6      | HP: 1/46 [poisoned by a scorpion]
  3814 | D:6      | Noticed a hornet
  3820 | D:6      | Killed a hornet
  3821 | D:6      | Reached skill level 4 in Fighting
  3821 | D:6      | Reached skill level 4 in Dodging
  3821 | D:6      | Reached skill level 5 in Unarmed Combat
  3821 | D:6      | Reached skill level 2 in Invocations
  3821 | D:6      | Reached skill level 5 in Shapeshifting
  3821 | D:6      | Reached XP level 8. HP: 31/54 MP: 5/9
  3989 | D:6      | Found a shimmering blue altar of Sif Muna.
  3997 | D:6      | Found an ancient bone altar of Kikubaaqudgha.
  4005 | D:6      | Found a radiant altar of Vehumet.
  4029 | D:6      | Got Vehumet's Compendium of Momentum
  4142 | D:6      | Learned a level 3 spell: Swiftness
  4223 | D:6      | Reached skill level 3 in Invocations
  4262 | D:6      | Reached skill level 6 in Unarmed Combat
  4373 | D:6      | Found a runed translucent door.
  4374 | D:6      | Noticed Crazy Yiuf
  4434 | D:6      | Found a snail-covered altar of Cheibriados.
  4582 | D:6      | Killed Crazy Yiuf
  4774 | D:7      | Found Desu's Antique Weapon Emporium.
  4857 | D:7      | Reached XP level 9. HP: 23/59 MP: 4/11
  4999 | D:7      | Reached skill level 6 in Shapeshifting
  5241 | D:7      | Reached skill level 5 in Dodging
  5247 | D:7      | Found a shimmering altar of Xom.
  5342 | D:7      | Reached skill level 5 in Fighting
  5458 | D:7      | Learned a level 2 spell: Blink
  5604 | D:8      | Noticed Joseph
  5608 | D:8      | Paralysed by Joseph for 3 turns
  5612 | D:8      | Killed Joseph
  5613 | D:8      | Reached skill level 7 in Unarmed Combat
  5613 | D:8      | Reached skill level 4 in Invocations
  5704 | D:8      | Noticed Psyche
  5821 | D:8      | Found a sand-covered staircase.
  5826 | Ossuary  | Entered an ossuary
  6084 | D:8      | Noticed Amaemon
  6084 | D:8      | Noticed an orange demon
  6096 | D:8      | HP: 1/61 [orange demon[Amaemon] (8)]
  6101 | D:8      | HP: 3/61 [Amaemon/+0 demon whip of venom (3)]
  6102 | D:8      | Gained mutation: You sometimes lose your temper in combat.
                  | [potion of mutation]
  6102 | D:8      | Gained mutation: Your flesh is cold resistant. (rC+)
                  | [potion of mutation]
  6102 | D:8      | Mangled by Amaemon

Illustrated notes

Levels and vault maps discovered:
D:1:      dpeg_arrival_prison, layout_basic
D:2:      layout_rooms
D:3:      layout_loops_corners, nicolae_overflow_ecumenical_swirl,
          chequers_serial_rivers_large_b, uniq_sigmund
D:4:      layout_loops_ring, temple_doors_cd
D:5:      layout_basic, nicolae_overflow_hidden_temple, gammafunk_ghost_split,
          minivault_24, minmay_fractal_squares_diagonal_5
D:6:      layout_basic, palyth_temple_overflow_mages, slow_altar_2,
          uniq_crazy_yiuf_cottage
D:7:      layout_basic, tgw_xom, serial_shops, nicolae_shop_statue_plus
D:8:      layout_loops_ring, nicolae_ossuary_entry_false_entrances,
          minmay_alternating_orb, uniq_amaemon, uniq_psyche, uniq_joseph

Skill      XL: |  1  2  3  4  5  6  7  8  9 |
---------------+----------------------------+-----
Unarmed Combat | 3 4 5 6 7 |  7.2
Fighting       | 3 4 5 |  5.3
Dodging        | 3 4 5 |  5.4
Shapeshifting  | 4 5 6 |  6.6
Invocations    | 2 3 4 |  4.3

Action                     |  1- 3 |  4- 6 |  7- 9 || total
---------------------------+-------+-------+-------++-------
  Melee: Unarmed           |    79 |    44 |   181 ||   304
         Constrict         |    20 |    17 |    49 ||    86
         Tentacles         |    10 |    11 |    47 ||    68
         Punch             |     2 |     1 |    11 ||    14
         Whip              |       |     5 |    10 ||    15
 Invoke: Line Pass         |       |       |     2 ||     2
  Evoke: Wand              |       |       |     1 ||     1
    Use: Scroll            |     4 |       |     3 ||     7
         Potion            |       |       |     6 ||     6
   Stab: Sleeping          |    12 |       |     1 ||    13
         Distracted        |     1 |       |       ||     1
         Paralysed         |       |     1 |     9 ||    10
 Armour: Skin              |     5 |     2 |     7 ||    14
  Dodge: Dodged            |    37 |    19 |    86 ||   142
  Block: Buckler           |     9 |     4 |       ||    13
         Kite shield       |       |     6 |    70 ||    76

Table legend: (Time is in decaauts)
 A = Elapsed time spent in this place.
 B = Non-inter-level travel time spent in this place.
 C = Inter-level travel time spent in this place.
 D = Time resting spent in this place.
 E = Time spent auto-exploring this place.
 F = Levels seen in this place.
 G = Mean time per level.
                   A        B        C        D        E       F      G
               +--------+--------+--------+--------+--------+-----+--------+
         Total |   6143 |   5756 |    387 |    501 |   4185 |   9 |  682.6 |
       Dungeon |   5949 |   5562 |    387 |    501 |   4083 |   8 |  743.6 |
       Ossuary |    194 |    194 |      0 |      0 |    102 |   1 |  194.0 |
               +--------+--------+--------+--------+--------+-----+--------+

Top non-repeatable levels by time:
     D:6: 1070 daAuts
     D:7: 1064 daAuts
     D:3: 955 daAuts
     D:1: 840 daAuts
     D:4: 768 daAuts
     D:5: 659 daAuts
     D:2: 372 daAuts
     D:8: 217 daAuts
 Ossuary: 194 daAuts
